 Dungeon Crawl Stone Soup version 0.21.1-1-g345015fe64 (webtiles) character file.

221 Gargoyl the Skirmisher (level 5, 0/46 HPs)
             Began as a Centaur Abyssal Knight on June 23, 2018.
             Was a Believer of Lugonu.
             Succumbed to a kobold's poison
             ... on level 3 of the Dungeon.
             The game lasted 00:06:11 (2713 turns).

Gargoyl the Skirmisher (Centaur Abyssal Knight)     Turns: 2713, Time: 00:06:11

Health: 0/46       AC:  9    Str: 12 (14) XL:     5   Next: 65%
Magic:  7/7        EV:  8    Int: 11      God:    Lugonu [**....]
Gold:   163        SH:  0    Dex: 14 (15) Spells: 4/4 levels left

rFire    . . .     SeeInvis .   a - +2 hand axe
rCold    . . .     Gourm    .   (no shield)
rNeg     . . .     Faith    .   d - +0 chain mail {MR+}
rPois    .         Spirit   .   f - +0 helmet
rElec    .         Reflect  .   (no cloak)
rCorr    .         Harm     .   (no gloves)
MR       +....                  (no barding)
Stlth    ..........             (no amulet)
HPRegen  0.15/turn              (no ring)
MPRegen  0.10/turn              (no ring)

@: agile, lethally poisoned (0 -> -12), very quick
A: large, hooves 3, deformed body, speed 2, tough skin 3
a: Depart the Abyss, Bend Space, Renounce Religion


You were on level 3 of the Dungeon.
You worshipped Lugonu.
Lugonu was pleased with you.
You were hungry.

You visited 1 branch of the dungeon, and saw 3 of its levels.
You visited the Abyss 1 time.

You collected 163 gold pieces.

Inventory:

Hand Weapons
 a - a +2 hand axe (weapon)
Armour
 d - a +0 chain mail of magic resistance (worn)
 f - a +0 helmet (worn)
Scrolls
 b - a scroll of identify
 e - a scroll of remove curse
 l - a scroll of amnesia
Potions
 g - a potion of invisibility
 h - a potion of degeneration
Comestibles
 c - 3 rations


   Skills:
 + Level 3.9 Fighting
 + Level 3.1 Axes
 * Level 2.6 Armour
 + Level 0.8 Dodging
 * Level 3.4 Invocations


You had 4 spell levels left.
You didn't know any spells.

Dungeon Overview and Level Annotations

Branches:
Dungeon (3/15)

Altars:
Cheibriados


Innate Abilities, Weirdness & Mutations

You have hooves in place of feet.
Armour fits poorly on your strangely shaped body.
You cover ground very quickly.
You have extremely tough skin. (AC +3)


Message History

Unknown command.
You slash Terence!
You kill Terence!
Lugonu accepts your kill.
You hit the kobold but do no damage.
* * * LOW HITPOINT WARNING * * *
You feel sick.
Unknown command.
* * * LOW HITPOINT WARNING * * *
You feel sick. The kobold hits you but does no damage.
Things that are here:
a falchion; a scale mail; the human corpse of Terence Unknown command.
* * * LOW HITPOINT WARNING * * *
You feel sick. The kobold closely misses you.
Unknown command.
* * * LOW HITPOINT WARNING * * *
You feel sick.
Unknown command.
You die...

#........# #.
#####..).# #.
#....# #.
#######....### #.
#.............. #.
#.......#...... #.
#.......#......
#.###.......#......
#.@..K).....#######
#####.#######
#.#########
#.((†.....#
#..........
#..........
#..........
#..........
#..........


You could see a kobold.

Vanquished Creatures
  The ghost of robveelben the Poker, an amateur DsGl (D:3)
  Terence (D:3)
  5 adders
  An ooze (D:2)
  A worm (D:3)
  4 dart slugs
  2 leopard geckos
  2 giant cockroaches
  8 goblins
  4 hobgoblins
  7 bats
  10 frilled lizards
  5 kobolds
  11 rats
62 creatures vanquished.

Notes
Turn   | Place    | Note
-------+----------+-------------------------------------------
     0 | Abyss:1  | Gargoyl the Centaur Abyssal Knight began the quest for the Orb.
     0 | Abyss:1  | Reached XP level 1. HP: 19/19 MP: 2/2
    75 | Abyss:2  | Noticed a flayed ghost
    75 | D:1      | Escaped the Abyss
   487 | D:1      | Reached XP level 2. HP: 26/26 MP: 3/3
   493 | D:1      | Reached * piety under Lugonu
  1277 | D:2      | Reached XP level 3. HP: 14/31 MP: 4/4
  1638 | D:2      | Reached XP level 4. HP: 36/38 MP: 6/6
  1946 | D:2      | Found a snail-covered altar of Cheibriados.
  2166 | D:3      | Reached ** piety under Lugonu
  2477 | D:3      | Noticed robveelben's ghost (amateur DsGl)
  2497 | D:3      | Killed robveelben's ghost
  2497 | D:3      | Reached XP level 5. HP: 16/46 MP: 7/7
  2686 | D:3      | Noticed Terence
  2708 | D:3      | Killed Terence
  2709 | D:3      | HP: 2/46 [poisoned by a kobold]
  2713 | D:3      | Succumbed to a kobold's poison

Skill      XL: |  1  2  3  4 |
---------------+-------------+-----
Axes           | 2 3 |  3.1
Armour         | 2 |  2.6
Invocations    | 3 |  3.4
Fighting       | |  3.9
Dodging        | |  0.8

Action                   |  1- 3 |  4- 6 || total
-------------------------+-------+-------++-------
Melee: Hand axe          |    85 |    96 ||   181
       Kick              |    14 |    10 ||    24
Invok: Depart the Abyss  |     1 |       ||     1
  Use: Scroll            |       |     7 ||     7
       Potion            |       |     4 ||     4
  Eat: Chunk             |     1 |     3 ||     4
Armor: Chain mail        |    76 |   101 ||   177
Dodge: Dodged            |    26 |    36 ||    62
